 Dungeon Crawl Stone Soup version 0.16.1-11-g651b585 (webtiles) character file.

14837 KarvaRausku the Basher (level 11, -8/88 (89) HPs)
             Began as a Demonspawn Chaos Knight on Apr 7, 2015.
             Mangled by an orc
             ... wielding a +0 mace
             ... led by an orc knight
              (10 damage)
             ... while paralysed by an orc sorcerer
             ... on level 2 of the Orcish Mines.
             The game lasted 01:20:51 (14379 turns).

KarvaRausku the Basher (Demonspawn Chaos Knight)   Turns: 14379, Time: 01:20:53

HP:   -8/88 (89)    AC: 12    Str: 19      XL:     11   Next: 94%
MP:   0/11          EV:  2    Int: 17      God:    Xom [.*....]
Gold: 1153          SH:  0    Dex: 18 (19) Spells: 0 memorised, 10 levels left

rFire  . . .     SeeInvis .     a - +1 mace (chaos) (curse)
rCold  + + .     Clarity  +     p - +3 leather armour
rNeg   + . .     SustAb   .     i - +3 shield {AC+3}
rPois  .         Gourm    .     (helmet restricted)
rElec  .         Spirit   +     u - +0 cloak
rCorr  .         Warding  +     r - +0 pair of gloves
rMut   .         Stasis   .     (no boots)
MR     .....                    v - amulet "Trifoep" {Ward rC+ rN+ Int+2}
Stlth  ++........               z - +3 ring of dexterity
                                s - +4 ring of evasion

@: paralysed, not resistant to hostile enchantments, unstealthy
A: antennae 2, agile 1, blink 1, breathe flames 1, clarity, clever 1, cold
resistance 1, regeneration 1, spit poison 2, strong 2, magic shield, freezing
cloud immunity
a: Spit Poison, Blink, Renounce Religion, Breathe Fire


You were on level 2 of the Orcish Mines.
You worshipped Xom.
You were a plaything of Xom.
You were not hungry.

You visited 4 branches of the dungeon, and saw 16 of its levels.

You collected 1153 gold pieces.

Inventory:

Hand weapons
 a - a cursed +1 mace of chaos (weapon)
 t - a +2 quarterstaff of chaos
Missiles
 b - 5 javelins of returning (quivered)
Armour
 i - a +3 shield of protection (worn)
 p - a +3 leather armour (worn)
 r - a +0 pair of gloves (worn)
 u - a +0 cloak (worn)
Magical staves
 P - an uncursed staff of wizardry {unknown}
Jewellery
 l - an uncursed ring of sustain abilities
 s - a +4 ring of evasion (left hand)
 v - the amulet "Trifoep" (around neck) {Ward rC+ rN+ Int+2}
   (Xom gifted it to you on level 11 of the Dungeon)

   [amulet of warding]

   It may prevent the melee attacks of summoned creatures.
   It affects your intelligence (+2).
   It protects you from cold.
   It protects you from negative energy.
 z - a +3 ring of dexterity (right hand)
 D - an uncursed ring of flight
 W - an uncursed ring of teleport control
Magical devices
 q - a wand of disintegration (12)
 x - a wand of cold (13)
 G - a wand of confusion (0)
 L - a wand of polymorph (11)
 S - a wand of digging (13)
 T - a wand of invisibility (4)
Scrolls
 e - 2 scrolls of recharging
 m - 7 scrolls of magic mapping
 J - a scroll of fog {unknown}
 N - a scroll of vulnerability {unknown}
 X - a scroll of remove curse
Potions
 g - a potion of restore abilities
 h - 2 potions of cancellation
 j - 3 potions of magic
 o - a potion of berserk rage
 w - a potion of curing
 E - a potion of poison {unknown}
 F - a potion of haste {unknown}
 H - a potion of flight {unknown}
 K - 2 potions of might
 M - a potion of heal wounds {unknown}
 U - 2 potions of agility
Comestibles
 c - 8 bread rations
 d - 4 chunks of flesh
 k - 6 beef jerkies


   Skills:
 + Level 9.4 Fighting
 + Level 11.3 Maces & Flails
 * Level 8.7 Armour
 - Level 1.2 Dodging
 + Level 7.8 Shields


You had 10 spell levels left.
You didn't know any spells.

Dungeon Overview and Level Annotations

Branches:
Dungeon (12/15)            Temple (1/1) D:7            Lair (1/8) D:8
    Orc (2/4) D:11

Altars:
Ashenzari
Cheibriados
Dithmenos
Elyvilon
Fedhas
Gozag
Kikubaaqudgha
Makhleb
Nemelex Xobeh
Okawaru
Qazlal
Ru
Sif Muna
Trog
Vehumet
Xom
Yredelemnul
Zin
The Shining One

Annotations:
D:4 1 runed door
D:6 exclusion: statue
Orc:2 Sonja


Innate Abilities, Weirdness & Mutations

You have a pair of antennae on your head.
Your flesh is cold resistant.
When hurt, damage is shared between your health and your magic reserves.
You are immune to freezing clouds.
You are agile. (Dex +2)
You can translocate small distances at will.
You can breathe flames.
You possess an exceptional clarity of mind.
Your mind is acute. (Int +2)
Your natural rate of healing is unusually fast.
You can spit moderately strong poison.
Your muscles are very strong. (Str +4)


Message History

The warg bites you.
The orc sorcerer points at you and mumbles some strange words.
You suddenly lose the ability to move!
The orc knight hits you with a long sword!
* * * LOW HITPOINT WARNING * * *
The orc warrior hits you with a mace!
* * * LOW HITPOINT WARNING * * *
The orc hits you with a mace.
* * * LOW HITPOINT WARNING * * *
The warg bites you.
* * * LOW HITPOINT WARNING * * *
The orc sorcerer hits you but does no damage.
The orc knight hits you with a long sword.
* * * LOW HITPOINT WARNING * * *
The warg bites you but does no damage. The orc warrior hits you with a mace!
* * * LOW HITPOINT WARNING * * *
Xom roars with laughter!
The orc hits you with a mace!
You die...
Xom bursts into laughter!

#### # ##..## ##..##
#### #....# ##
....###..## #oh###
.###....#....###@o..##
...#...........#oo...#
....................##
...#...#...........##
....#.>............#
..................##
................###
............#..###
............####.###


You could see an orc knight, a warg, an orc sorcerer, an orc warrior (frenzied)
and an orc (frenzied).

Vanquished Creatures
  Pikel (D:4)
  4 hill giants
  An ugly thing (D:11)
  A salamander (D:11)
  A manticore (D:11)
  An eye of devastation (D:12)
  A cyclops (D:12)
  A komodo dragon (D:12)
  A kobold demonologist (D:12)
  A troll (Orc:2)
  Prince Ribbit (D:5)
  2 two-headed ogres
  A blink frog (Lair:1)
  A trapdoor spider (D:12)
  2 yaks
  A wyvern (D:11)
  3 wraiths (D:11)
  2 hippogriffs
  3 hungry ghosts
  A deep elf fighter (D:7)
  2 wargs (Orc:2)
  A wolf (D:10)
  Menkaure (D:6)
  A soldier ant (D:11)
  A mottled dragon (D:12)
  2 nagas
  12 orc warriors
  14 ogres
  A sky beast (D:8)
  A slave (D:4)
  A black bear (D:10)
  3 ice beasts
  A dwarf (D:8)
  7 centaurs
  2 necrophages
  A gnoll sergeant (D:8)
  A wyvern zombie (D:12)
  4 giant frogs
  6 wights
  A goliath beetle (D:8)
  A giant frog zombie (D:7)
  A centaur zombie (D:7)
  3 quasits
  7 hounds
  A crimson imp (D:6)
  3 jellies
  Crazy Yiuf (D:4)
  11 orc priests
  16 orc wizards
  4 giant frog skeletons
  Natasha (D:3)
  3 iguanas
  A sheep (Orc:2)
  11 worker ants
  2 hound skeletons
  A hound zombie (D:11)
  2 worker ant zombies
  11 gnolls
  9 adders
  2 shadow imps (D:8)
  A giant mite (D:5)
  4 worms
  An adder zombie (D:9)
  10 giant geckos
  82 orcs
  2 ball pythons
  7 bats
  A bat zombie (D:7)
  9 giant cockroaches
  21 goblins
  20 hobgoblins
  8 jackals
  4 quokkas
  A giant gecko skeleton (D:4)
  7 giant newts
  3 giant spores
  A jackal skeleton (D:4)
  9 kobolds
  A kobold skeleton (D:4)
  A kobold zombie (D:4)
  5 rats
  15 ballistomycetes
397 creatures vanquished.

Vanquished Creatures (collateral kills)
  2 orc warriors (D:11)
  2 crocodiles
  A giant frog (D:8)
  A jelly (D:8)
  An orc priest (D:11)
  2 gnolls (D:5)
  An adder (D:8)
  2 orcs (D:11)
12 creatures vanquished.

Vanquished Creatures (others)
  A wizard (D:9)
  A fire vortex (D:8)
  A yak (D:11)
  An orc warrior (D:11)
  A scorpion (D:10)
  An iron imp (Lair:1)
  A giant frog skeleton (D:8)
  A shadow imp (D:8)
  4 ufetubi
  A giant gecko (D:3)
  5 orcs (D:3)
  A giant spore (D:8)
19 creatures vanquished.

Grand Total: 428 creatures vanquished

Notes
Turn   | Place    | Note
--------------------------------------------------------------
     0 | D:1      | KarvaRausku, the Demonspawn Chaos Knight, began the quest for the Orb.
     0 | D:1      | Reached XP level 1. HP: 18/18 MP: 1/1
    75 | D:1      | Reached skill level 1 in Dodging
    82 | D:1      | Gained mutation: Your flesh is cold resistant. [demonic ancestry]
    82 | D:1      | Reached XP level 2. HP: 24/24 MP: 2/2
    82 | D:1      | XOM: divination: detect items
    90 | D:1      | XOM: divination: detect items
   634 | D:1      | Gained mutation: You are immune to freezing clouds. [demonic ancestry]
   634 | D:1      | Reached XP level 3. HP: 21/29 MP: 3/3
   676 | D:1      | XOM: god gift: runed shield {god gift}
   684 | D:1      | XOM: give mutations
   684 | D:1      | Gained mutation: You have a pair of small antennae on your head. [Xom's grace]
   684 | D:1      | Gained mutation: You can translocate small distances at will. [Xom's grace]
   684 | D:1      | Gained mutation: You can spit poison. [Xom's grace]
   684 | D:1      | Gained mutation: You evolve. [Xom's grace]
   877 | D:2      | Found a shimmering altar of Xom.
   966 | D:2      | XOM: give mutations
   966 | D:2      | Gained mutation: You can breathe flames. [Xom's grace]
   966 | D:2      | Gained mutation: Your muscles are strong. (Str +2) [Xom's grace]
   966 | D:2      | Lost mutation: You evolve. [Xom's grace]
   966 | D:2      | Gained mutation: You are somewhat resistant to further mutation. [Xom's grace]
   974 | D:2      | XOM: summons 3 friendly demons
  1033 | D:2      | Found a burning altar of Makhleb.
  1148 | D:2      | Found a shattered altar of Ashenzari.
  1392 | D:2      | XOM: give mutations
  1392 | D:2      | Gained mutation: Your mind is acute. (Int +2) [Xom's grace]
  1392 | D:2      | Gained mutation: Your muscles are very strong. (Str +4) [Xom's grace]
  1392 | D:2      | Gained mutation: Your natural rate of healing is unusually fast. [Xom's grace]
  1416 | D:2      | Found a glowing golden altar of the Shining One.
  1496 | D:2      | XOM: god gift: 12 gold pieces
  1537 | D:3      | Gained mutation: When hurt, damage is shared between your health and your magic reserves. [demonic ancestry]
  1537 | D:3      | Reached XP level 4. HP: 31/35 MP: 4/4
  1667 | D:3      | Noticed Natasha
  1667 | D:3      | XOM: destruction
  1683 | D:3      | Reached skill level 1 in Shields
  1685 | D:3      | XOM: vitrification
  1692 | D:3      | Killed Natasha
  1692 | D:3      | Reached XP level 5. HP: 35/42 MP: 3/5
  2086 | D:3      | XOM: 2-stop teleportation journey
  2291 | D:3      | Found an iron altar of Okawaru.
  2355 | D:4      | Reached skill level 4 in Fighting
  2355 | D:4      | XOM: 3-stop teleportation journey
  2498 | D:4      | XOM: confuse monster(s)
  2530 | D:4      | Noticed Crazy Yiuf
  2536 | D:4      | Killed Crazy Yiuf
  2536 | D:4      | Reached XP level 6. HP: 34/48 MP: 3/6
  2633 | D:4      | Noticed an orc warrior
  2633 | D:4      | Found a sacrificial altar of Ru.
  2647 | D:4      | XOM: cast spell 'Confusing Touch'
  2649 | D:4      | XOM: vitrification
  2656 | D:4      | Killed an orc warrior
  2707 | D:4      | XOM: 2-stop teleportation journey
  2954 | D:4      | Noticed a human
  2976 | D:4      | Found a runed door.
  2980 | D:4      | Found a basalt altar of Yredelemnul.
  3093 | D:4      | Reached skill level 5 in Maces & Flails
  3132 | D:4      | XOM: give mutations
  3132 | D:4      | Gained mutation: You have large cloven feet. [Xom's mischief]
  3132 | D:4      | Lost mutation: You are somewhat resistant to further mutation. [Xom's mischief]
  3297 | D:4      | Reached XP level 7. HP: 52/55 MP: 5/7
  3367 | D:5      | Entered Level 5 of the Dungeon
  3403 | D:5      | XOM: summons 4 friendly demons
  3513 | D:5      | Noticed Pikel
  3532 | D:5      | XOM: polymorph slave -> naga
  3561 | D:4      | XOM: enchant monster (good)
  3674 | D:4      | Killed Pikel
  3674 | D:4      | Reached skill level 5 in Fighting
  3674 | D:4      | Reached skill level 6 in Maces & Flails
  3674 | D:4      | Reached XP level 8. HP: 19/62 MP: 3/8
  3734 | D:5      | XOM: polymorph freed slave -> golden eye
  3913 | D:5      | XOM: divination: detect creatures
  4048 | D:5      | XOM: cast spell 'Hydra Form'
  4484 | D:5      | XOM: summons 8 friendly demons
  4522 | D:5      | Noticed Prince Ribbit
  4541 | D:5      | Killed Prince Ribbit
  4541 | D:5      | Reached skill level 7 in Maces & Flails
  4601 | D:5      | XOM: medium Summ miscast
  4602 | D:5      | Noticed an ice devil
  4766 | D:5      | XOM: vitrification
  5160 | D:6      | XOM: divination: detect items
  5166 | D:6      | Reached skill level 5 in Armour
  5215 | D:6      | Noticed Menkaure
  5216 | D:6      | XOM: confuse monster(s)
  5218 | D:6      | Reached XP level 9. HP: 66/69 MP: 9/9
  5237 | D:6      | XOM: harmless Conj miscast
  5354 | D:6      | XOM: cast spell 'Excruciating Wounds'
  5358 | D:6      | XOM: enchant monster (good)
  5367 | D:6      | Killed Menkaure
  5649 | D:6      | XOM: god gift: 8 bolts of flame
  5674 | D:6      | XOM: smoke on damage
  5985 | D:6      | Found a radiant altar of Vehumet.
  6132 | D:7      | Found a burning altar of Makhleb.
  6260 | D:7      | Reached skill level 8 in Maces & Flails
  6386 | D:7      | XOM: divination: magic mapping
  6400 | D:7      | XOM: harmless Hex miscast
  6426 | D:7      | Found a staircase to the Ecumenical Temple.
  6436 | D:7      | Found a bloodstained altar of Trog.
  6455 | D:7      | Reached skill level 5 in Shields
  6504 | D:7      | Got a pearl-encrusted scale mail
  6510 | D:7      | Identified the cursed -3 scale mail of Noon {+Fly rC- rN+ MR- Str+4} (You found it on level 7 of the Dungeon)
  6679 | D:7      | XOM: cast spell 'Summon Butterflies'
  7131 | D:8      | XOM: summons friendly ufetubus
  7178 | D:8      | XOM: confuse monster(s)
  7282 | D:8      | Noticed a hill giant
  7291 | D:8      | Killed a hill giant
  7291 | D:8      | Reached skill level 9 in Maces & Flails
  7291 | D:8      | Gained mutation: You have a pair of antennae on your head. [demonic ancestry]
  7291 | D:8      | Reached XP level 10. HP: 46/79 MP: 5/10
  7356 | D:8      | XOM: summons 6 friendly demons
  7358 | D:8      | XOM: god gift: gilded ring {god gift}
  7416 | D:8      | XOM: cast spell 'Ring of Flames'
  7568 | D:8      | XOM: vitrification
  7797 | D:8      | XOM: medium Hex miscast
  7799 | D:8      | Found a staircase to the Lair.
  7821 | D:8      | XOM: mild Fire miscast
  7837 | D:8      | Found a blossoming altar of Fedhas.
  7893 | D:8      | XOM: confusion
  7895 | D:8      | XOM: blink monster(s)
  7896 | D:8      | XOM: summons 4 friendly demons
  8809 | D:9      | Found a bloodstained altar of Trog.
  8809 | D:9      | Noticed a wizard
  8812 | D:9      | XOM: summons 6 friendly demons
  8815 | D:9      | Killed a wizard
  8942 | D:10     | Entered Level 10 of the Dungeon
  8949 | D:10     | XOM: polymorph centaur -> wolf
  9150 | D:10     | XOM: summons 2 hostile shadow creatures
  9193 | D:10     | XOM: divination: detect items
  9210 | D:10     | Gained mutation: You possess an exceptional clarity of mind. [potion of mutation]
  9353 | D:10     | XOM: mild Fire miscast
  9582 | Temple   | Entered the Ecumenical Temple
  9844 | Lair:1   | Entered Level 1 of the Lair of Beasts
  9846 | Lair:1   | XOM: summons friendly iron imp
  9853 | Lair:1   | XOM: noise
 10062 | D:11     | XOM: summons friendly white imp
 10219 | D:11     | XOM: swap monsters
 10221 | D:11     | XOM: summons 10 friendly demons
 10281 | D:11     | XOM: fake destruction
 10341 | D:11     | Reached skill level 10 in Maces & Flails
 10363 | D:11     | XOM: vitrification
 10375 | D:11     | XOM: divination: magic mapping
 10379 | D:11     | XOM: summons 10 friendly demons
 10445 | D:11     | Found a staircase to the Orcish Mines.
 10493 | D:11     | XOM: divination: magic mapping
 10496 | D:11     | Noticed a salamander
 10496 | D:11     | an elf changed into a salamander
 10499 | D:11     | XOM: fog
 10548 | D:10     | XOM: give mutations
 10548 | D:10     | Gained mutation: You are agile. (Dex +2) [Xom's grace]
 10548 | D:10     | Gained mutation: You can spit moderately strong poison. [Xom's grace]
 10600 | D:11     | Killed a salamander
 10638 | D:11     | Noticed a manticore
 10653 | D:11     | Killed a manticore
 10653 | D:11     | Reached XP level 11. HP: 41/87 MP: 6/11
 10662 | D:11     | XOM: swap monsters
 10667 | D:11     | HP: 3/87 [yak (12)]
 10789 | D:10     | XOM: vitrification
 10921 | D:11     | Noticed a hill giant
 10929 | D:11     | XOM: confuse monster(s)
 10940 | D:11     | XOM: butterfly on damage
 10941 | D:11     | Killed a hill giant
 10997 | D:11     | XOM: summons friendly ufetubus
 11003 | D:11     | XOM: enchant monster (good)
 11086 | D:11     | Noticed a red ugly thing
 11098 | D:11     | XOM: polymorph orc -> giant newt
 11099 | D:11     | Killed a red ugly thing
 11110 | D:11     | XOM: enchant monster (good)
 11489 | D:11     | XOM: cast spell 'Dispersal'
 11586 | D:11     | XOM: colour smoke trail
 11699 | D:11     | XOM: fake destruction
 11854 | D:11     | XOM: 2-stop teleportation journey
 11867 | D:11     | XOM: god gift: flickering sapphire amulet {god gift}
 11868 | D:11     | Got a flickering sapphire amulet {god gift}
 11869 | D:11     | Identified the amulet "Trifoep" {Ward rC+ rN+ Int+2} (Xom gifted it to you on level 11 of the Dungeon)
 11922 | D:12     | XOM: cast spell 'Cause Fear'
 11972 | D:12     | XOM: summons friendly ufetubus
 12192 | D:12     | Identified the Collected Works on Fiery Combat Magic
 12213 | D:12     | Got a warped bronze ring
 12215 | D:12     | Identified the ring "Wiatyrph" {+Blink rPois Str-4 SInv Stlth+} (You found it on level 12 of the Dungeon)
 12530 | D:12     | XOM: divination: magic mapping
 12531 | D:12     | XOM: enchant monster (good)
 12540 | D:12     | Noticed a hill giant
 12556 | D:12     | XOM: fog
 12566 | D:12     | XOM: god gift: inky potion
 12589 | D:12     | XOM: cast spell 'Ring of Flames'
 12598 | D:12     | Killed a hill giant
 12723 | D:12     | Reached skill level 11 in Maces & Flails
 12740 | D:12     | Found a shadowy altar of Dithmenos.
 12837 | D:12     | XOM: scenery: 4 doors close
 12974 | D:12     | Noticed a hill giant
 12984 | D:12     | Killed a hill giant
 12994 | D:12     | XOM: potion effect (agility)
 12998 | D:12     | XOM: destruction
 13272 | Lair:1   | XOM: vitrification
 13280 | Lair:1   | XOM: polymorph blink frog -> dwarf
 13283 | Lair:1   | XOM: polymorph blink frog -> hog
 13301 | D:8      | XOM: god gift: 5 javelins of returning
 13352 | D:8      | XOM: give mutation
 13352 | D:8      | Lost mutation: You have large cloven feet. [Xom's mischief]
 13374 | D:9      | XOM: mild Pois miscast
 13435 | Orc:1    | Entered Level 1 of the Orcish Mines
 13673 | Orc:1    | XOM: 7-stop teleportation journey
 13692 | Orc:1    | XOM: divination: detect items
 13730 | Orc:2    | XOM: swap monsters
 13867 | Orc:2    | XOM: smoke on damage
 13903 | Orc:2    | Found a burning altar of Makhleb.
 13903 | Orc:2    | XOM: 5-stop teleportation journey
 14001 | Orc:2    | XOM: 7-stop teleportation journey
 14174 | Orc:2    | XOM: polymorph orc warrior -> sheep
 14276 | Orc:2    | XOM: 6-stop teleportation journey
 14314 | Orc:2    | Noticed Sonja
 14314 | Orc:2    | XOM: enchant monster (bad)
 14378 | Orc:2    | Paralysed by an orc sorcerer for 4 turns
 14379 | Orc:2    | HP: 2/88 [orc warrior/mace[an orc knight] (10)]
 14379 | Orc:2    | Mangled by an orc

Action                   |  1- 3 |  4- 6 |  7- 9 | 10-12 || total
-------------------------+-------+-------+-------+-------++-------
Melee: Mace              |   121 |   212 |   543 |  1044 ||  1920
       Unarmed           |       |       |     8 |       ||     8
Throw: Throwing net      |       |       |     1 |       ||     1
       Javelin           |       |       |       |     5 ||     5
 Abil: Blink             |       |       |     2 |     4 ||     6
       Breathe Fire      |       |       |     3 |    22 ||    25
       Spit Poison       |       |       |     1 |     4 ||     5
Evoke: Wand              |       |       |       |     4 ||     4
  Use: Potion            |       |       |     2 |     9 ||    11
       Scroll            |       |       |     1 |    19 ||    20
 Stab: Paralysed         |     1 |     2 |    23 |    24 ||    50
       Petrifying        |     1 |       |     2 |     4 ||     7
       Confused          |     2 |     1 |     2 |     5 ||    10
       Sleeping          |       |     1 |       |       ||     1
       Petrified         |       |       |     3 |     6 ||     9
       Distracted        |       |       |     2 |     2 ||     4
  Eat: Chunk             |     2 |     6 |    11 |    11 ||    30
       Beef jerky        |       |       |       |     3 ||     3
       Pizza             |       |       |       |     2 ||     2
       Royal jelly       |       |       |       |     1 ||     1
       Meat ration       |       |       |       |     1 ||     1
       Bread ration      |       |       |       |     1 ||     1
